Map: Romanticide LE

Players

HeroMarine

  • Race: Terran Terran

Dark - Winner!

  • Race: Zerg Zerg

Event: TSL 7

VOD

Have the link to the VOD?

Description

Time

  • Played on: June 20, 2021, 10:09 a.m.
  • Length: 13:16

All games in this series

Show
View Real Time Build Order
Export as new Build Order

HeroMarine Terran 

Build Orders: Command Center First (CC), Hellion Banshee 

Get SALT Encoding   

  12  0:00  SCV  
  13  0:12  SCV  
  14  0:17  Supply Depot  
  14  0:24  SCV  
  15  0:38  SCV  
  16  0:51  SCV  
  17  0:58  Command Center  
  17  1:03  SCV  
  18  1:12  Barracks  
  18  1:15  SCV  
  19  1:20  Refinery  
  19  1:27  SCV  
  19  1:28  Refinery  
  20  1:39  SCV  
  22  1:59  Orbital Command, Reaper  
  22  2:10  Orbital Command  
  22  2:18  Factory  
  22  2:24  SCV  
  23  2:32  Barracks Reactor  
  23  2:36  SCV  
  23  2:37  SCV  
  25  2:45  Command Center  
  25  2:48  SCV  
  25  2:49  SCV  
  27  3:00  SCV  
  27  3:01  SCV  
  27  3:03  Starport  
  29  3:09  Supply Depot  
  29  3:12  SCV, Hellion  
  32  3:13  SCV  
  32  3:14  Hellion  
  32  3:17  Barracks Tech Lab  
  35  3:24  SCV  
  35  3:25  SCV  
  37  3:34  Hellion  
  39  3:35  Hellion  
  39  3:36  SCV  
  39  3:37  SCV  
  43  3:47  Cloaking Field  
  43  3:48  Banshee  
  46  3:55  Supply Depot  
  46  3:56  SCV x2, Marine  
  46  3:58  Orbital Command  
  46  4:01  Hellion  
  51  4:03  Hellion  
  51  4:08  SCV x2  
  55  4:15  Barracks Tech Lab  
  55  4:20  SCV, Supply Depot  
  55  4:21  SCV  
  57  4:25  SCV  
  58  4:32  Banshee  
  58  4:33  SCV x2, Barracks, Marine  
  58  4:34  Stimpack  
  58  4:35  Factory Reactor  
  58  4:37  SCV  
  58  4:38  Barracks  
  65  4:43  Refinery  
  65  4:45  SCV x2  
  67  4:46  Refinery  
  67  4:47  Orbital Command  
  67  4:51  Marine  
  67  4:52  Supply Depot  
  68  4:57  SCV x2  
  70  5:04  Engineering Bay x2  
  70  5:09  SCV x2, Marine  
  74  5:14  SCV  
  74  5:16  Supply Depot  
  74  5:18  Barracks  
  74  5:19  Barracks  
  75  5:21  SCV x2  
  75  5:24  Marine x2  
  75  5:26  SCV, Starport Reactor  
  82  5:31  Marine x2  
  82  5:33  SCV  
  85  5:38  SCV x2, Marine  
  85  5:39  Supply Depot  
  85  5:42  Terran Infantry Armor Level 1, Marine, Terran Infantry Weapons Level 1  
  89  5:45  SCV, Marine  
  89  5:48  Marine  
  89  5:50  SCV x2  
  89  5:51  Bunker, Supply Depot  
  89  5:52  Factory Reactor, Marine  
  89  5:55  Marine  
  93  6:00  SCV  
  93  6:01  Supply Depot  
  93  6:02  SCV x2  
  93  6:03  Medivac x2  
  100  6:08  Missile Turret  
  100  6:09  Refinery  
  100  6:11  Missile Turret  
  100  6:12  SCV  
  100  6:13  Barracks Reactor x2  
  100  6:14  SCV  
  100  6:15  Missile Turret  
  100  6:16  SCV  
  103  6:20  Marine x2  
  103  6:21  Marine  
  103  6:22  Marine x2  
  103  6:24  SCV  
  109  6:26  Supply Depot  
  109  6:28  Supply Depot  
  109  6:29  Widow Mine  
  111  6:34  Widow Mine  
  111  6:37  Marine  
  111  6:38  Marine  
  111  6:39  Marine x2  
  116  6:43  Supply Depot  
  117  6:47  Marine, Medivac x2  
  117  6:50  Armory  
  117  6:52  Marine  
  117  6:53  Marine  
  117  6:54  Marine x2  
  124  6:55  Marine  
  124  6:57  Marine  
  124  6:59  Marine x2  
  127  7:05  Marine  
  127  7:07  Widow Mine x2  
  132  7:09  Combat Shield  
  132  7:10  Marine x2  
  132  7:11  Marine x2  
  132  7:13  Marine  
  132  7:14  Factory  
  132  7:15  Marine  
  138  7:16  Marine  
  138  7:17  Marine  
  140  7:23  Marine  
  141  7:31  Marine  
  141  7:40  Terran Infantry Armor Level 2, Terran Infantry Weapons Level 2  
  141  7:41  Widow Mine x2, Marine x2, Command Center  
  141  7:42  Missile Turret  
  141  7:44  Supply Depot  
  141  7:46  Marine x2, Supply Depot  
  141  7:50  Marine x2, Supply Depot  
  145  7:52  Marine x2  
  145  7:54  Marine  
  148  7:58  Marine  
  149  8:05  Marine x2, Thor  
  149  8:06  Medivac  
  149  8:07  Widow Mine  
  149  8:10  Marine x2  
  149  8:12  Marine x2  
  155  8:14  Terran Vehicle Weapons Level 1  
  155  8:15  Refinery, Widow Mine  
  155  8:17  Marine x2  
  155  8:19  Marine  
  150  8:23  Marine x2  
  146  8:28  Widow Mine, Marine x2  
  146  8:30  Marine x2  
  143  8:35  SCV x3, Marine x2  
  143  8:37  Marine  
  132  8:41  Marine x2  
  132  8:46  Marine x2  
  132  8:47  SCV x3  
  132  8:48  Marine x2  
  133  8:52  Marine  
  133  8:53  Marine  
  133  8:54  Widow Mine, Marine  
  138  8:56  Command Center  
  138  8:59  SCV x2, Marine x2  
  142  9:03  Marine  
  142  9:04  Marine  
  142  9:05  Marine  
  142  9:06  Marine  
  146  9:10  Marine x2  
  146  9:11  SCV x2  
  146  9:12  Marine  
  146  9:13  Widow Mine  
  146  9:17  Marine x2  
  153  9:22  Marine x2  
  153  9:23  Supply Depot x2  
  155  9:25  Thor  
  155  9:27  Widow Mine  
  155  9:30  Missile Turret  
  163  9:31  Drilling Claws  
  163  9:34  Marine x2  
  165  9:41  Marine x2  
  165  9:44  Marine x2  
  153  9:47  Marine x2  
  153  9:49  Marine  
  153  9:52  Widow Mine x2, Marine, Medivac x2  
  140  9:53  SCV x2  
  140  9:54  SCV  
  140  9:57  Marine  
  140  9:58  Marine  
  145  10:03  Marine x3  
  148  10:08  Terran Infantry Weapons Level 3, Barracks x2, Marauder  
  148  10:11  Marine x3  
  148  10:12  Barracks  
  153  10:20  Marine x3, Missile Turret  
  156  10:22  Marine  
  156  10:23  Marine  
  156  10:27  Widow Mine  
  156  10:28  Sensor Tower, Medivac x2  
  153  10:32  Marauder  
  153  10:33  SCV  
  153  10:35  SCV x2  
  153  10:40  Planetary Fortress  
  151  10:45  SCV  
  151  10:47  SCV x2  
  148  10:57  SCV  
  148  10:58  Marine x2  
  148  10:59  SCV  
  148  11:00  SCV  
  148  11:04  Marine x4  
  146  11:09  Medivac  
  146  11:10  SCV  
  146  11:11  SCV  
  153  11:13  Marine x3  
  153  11:15  Widow Mine  
  153  11:16  Widow Mine, Marine  
  153  11:17  Barracks Tech Lab x2  
  163  11:18  Widow Mine  
  163  11:19  Marine x2  
  163  11:21  Marine  
  163  11:22  Marine  
  163  11:23  Marine  
  168  11:26  Marine  
  168  11:28  SCV x2  
  168  11:29  SCV  
  168  11:31  Marine x2  
  137  11:34  Marine x2  
  137  11:36  Marine  
  137  11:37  Marine x3  
  137  11:39  Marine x2  
  143  11:40  SCV x2  
  143  11:41  SCV, Marine  
  143  11:46  Marine  
  149  11:48  Marine  
  149  11:49  Marine  
  149  11:52  SCV x2, Marine x2  
  149  11:53  SCV  
  155  11:54  Marine x2  
  155  11:55  Marine x2  
  155  11:57  Marine x2  
  155  11:59  Marine  
  141  12:03  Marine  
  141  12:04  SCV x2  
  141  12:06  SCV, Marine x2  
  143  12:10  Marine  
  143  12:13  Marine x2  
  143  12:14  Marine x2  
  143  12:15  Marine  
  145  12:16  SCV x2, Marine  
  145  12:17  Marine  
  145  12:18  Widow Mine x2, SCV  
  145  12:21  Medivac  
  157  12:22  Medivac  
  157  12:28  SCV x2  
  157  12:29  Marauder  
  163  12:30  SCV, Marine x2  
  163  12:32  Marauder  
  163  12:34  Marine x2  
  163  12:35  Marauder  
  163  12:36  Marine  
  163  12:37  Marine  
  177  12:43  Marine x2  
  180  12:50  Marauder  
  153  12:51  Marine  
  153  12:53  Marauder, Marine x2  
  153  12:57  Marine  
Show
View Real Time Build Order
Export as new Build Order

Dark Zerg - Winner!

Build Orders: Hatch First, Muta Ling Bane 

Get SALT Encoding   

  12  0:01  Drone  
  13  0:12  Overlord  
  13  0:16  Drone  
  14  0:31  Drone x2  
  16  0:48  Hatchery  
  15  0:51  Drone  
  15  0:54  Drone  
  17  0:57  Drone  
  18  1:08  Extractor  
  17  1:13  Spawning Pool  
  17  1:16  Drone  
  17  1:19  Drone  
  18  1:27  Drone  
  19  1:38  Drone  
  20  1:49  Drone  
  21  2:00  Queen x2  
  21  2:01  Zergling x4  
  27  2:11  Zergling x2  
  27  2:15  Hatchery  
  27  2:19  Overlord  
  27  2:23  Drone  
  28  2:39  Drone x3, Queen  
  33  2:47  Overlord  
  33  2:49  Drone  
  34  2:56  Drone x2  
  36  3:10  Drone x8  
  44  3:20  Overlord  
  44  3:22  Metabolic Boost  
  44  3:27  Queen  
  44  3:30  Queen  
  44  3:33  Drone  
  49  3:34  Drone  
  49  3:39  Drone x3  
  53  3:42  Drone x2  
  53  3:46  Drone x2  
  53  3:47  Drone  
  58  3:51  Lair  
  58  3:54  Extractor  
  57  3:59  Overlord  
  57  4:01  Overlord  
  57  4:02  Drone  
  58  4:15  Overlord  
  58  4:17  Queen x2  
  58  4:19  Drone x5  
  58  4:20  Drone  
  58  4:21  Drone  
  58  4:22  Drone  
  70  4:26  Baneling Nest  
  70  4:28  Zergling x4  
  70  4:30  Drone  
  70  4:31  Drone  
  73  4:33  Drone  
  73  4:35  Drone x2, Extractor  
  75  4:38  Extractor  
  75  4:41  Drone x4  
  75  4:43  Drone  
  75  4:44  Drone  
  80  4:49  Drone x2  
  80  4:51  Extractor  
  81  4:54  Spire  
  79  5:00  Drone  
  79  5:01  Drone, Spore Crawler  
  79  5:02  Spore Crawler  
  79  5:03  Drone  
  79  5:04  Drone  
  79  5:05  Spore Crawler  
  80  5:07  Overlord  
  80  5:08  Extractor  
  80  5:09  Drone x2  
  80  5:12  Overseer  
  80  5:14  Overlord  
  81  5:17  Overlord  
  81  5:18  Centrifical Hooks  
  81  5:21  Overlord  
  81  5:22  Overlord  
  81  5:28  Drone x5  
  85  5:32  Drone  
  87  5:38  Drone x2  
  87  5:42  Evolution Chamber x2  
  87  5:44  Drone x2  
  87  5:46  Overlord  
  87  5:49  Drone  
  90  5:53  Hatchery  
  89  5:58  Hatchery  
  88  6:05  Mutalisk x5  
  88  6:08  Zerg Flyer Weapons Level 1  
  88  6:11  Zerg Melee Weapons Level 1  
  98  6:16  Zerg Ground Armor Level 1  
  98  6:22  Zergling x20  
  108  6:26  Zergling x6  
  108  6:27  Baneling x3  
  108  6:28  Baneling  
  108  6:29  Baneling x2  
  108  6:30  Baneling  
  108  6:31  Baneling x2  
  111  6:35  Overlord  
  111  6:36  Overlord  
  111  6:40  Drone x4  
  111  6:41  Drone  
  111  6:42  Drone x2  
  118  6:51  Overlord x2  
  118  6:54  Drone  
  118  6:55  Drone x4  
  123  7:04  Zergling x4  
  123  7:05  Baneling x2  
  125  7:09  Zergling x12  
  125  7:10  Zergling x4  
  125  7:14  Zergling x4  
  135  7:15  Baneling  
  135  7:16  Baneling x2  
  135  7:19  Zergling x12  
  141  7:34  Overlord x3  
  141  7:36  Mutalisk x9  
  158  7:49  Baneling x4  
  158  7:52  Zergling x14  
  158  7:54  Overlord x2  
  158  7:55  Zergling x10  
  170  7:59  Baneling  
  170  8:00  Hatchery, Baneling x10  
  167  8:10  Zerg Melee Weapons Level 2  
  162  8:13  Zergling x26  
  162  8:18  Overseer  
  162  8:19  Pneumatized Carapace  
  173  8:22  Baneling x3  
  168  8:32  Zergling x32  
  169  8:45  Overseer  
  169  8:46  Mutalisk x3  
  163  8:55  Zergling x20  
  173  9:02  Zerg Ground Armor Level 2  
  173  9:05  Zergling x8  
  173  9:09  Zergling x4  
  179  9:15  Hatchery  
  176  9:20  Zergling x12  
  176  9:23  Zerg Flyer Weapons Level 2  
  182  9:25  Zergling x6  
  182  9:31  Baneling x7, Zergling x6  
  188  9:33  Drone  
  188  9:34  Spore Crawler  
  187  9:44  Zergling x4  
  187  9:45  Zergling x6  
  170  9:48  Zergling x4  
  170  9:49  Zergling x12  
  164  9:55  Infestation Pit  
  164  9:57  Zergling x18  
  172  10:00  Baneling x3  
  172  10:04  Baneling x6  
  172  10:08  Zergling x12  
  172  10:09  Burrow  
  172  10:11  Drone x3  
  181  10:15  Drone, Baneling x5  
  181  10:17  Drone x2  
  181  10:21  Zergling x18  
  186  10:31  Zergling x2  
  186  10:32  Zergling x14  
  186  10:34  Hive  
  193  10:35  Zergling x6  
  193  10:36  Zergling x2  
  193  10:39  Zergling x4  
  193  10:41  Baneling x10  
  199  10:46  Overseer  
  197  10:57  Drone x4  
  197  10:58  Drone x3  
  197  11:03  Baneling x8  
  199  11:06  Baneling x5  
  199  11:07  Baneling x2  
  199  11:10  Extractor  
  199  11:11  Drone  
  193  11:32  Zergling x12  
  182  11:36  Zergling x32  
  182  11:37  Drone x2  
  182  11:38  Drone x2, Spore Crawler x2  
  193  11:41  Drone  
  193  11:42  Drone  
  193  11:43  Drone x3, Spine Crawler  
  193  11:46  Baneling, Zergling x6  
  200  11:52  Baneling x2  
  198  11:58  Zergling x14  
  197  12:02  Zergling x10  
  197  12:05  Zergling x4  
  190  12:09  Zergling x20  
  190  12:14  Zergling x2  
  190  12:15  Zergling x4  
  197  12:20  Baneling x18  
  197  12:21  Baneling x4  
  197  12:22  Zergling x8  
  199  12:31  Spine Crawler  
  199  12:32  Ultralisk Cavern  
  199  12:33  Zergling x4  
  165  12:55  Zergling x42  
  165  12:56  Zergling x20  
Tags
 
Add a new tag
Caveats
  • Supply blocks, unpowered buildings, or Contaminate may cause inaccurate times.
  • Supply counts are checked every 10 seconds.